 Dungeon Crawl Stone Soup version 0.31-a0-1626-g5cb510d322 (webtiles) character file.

Game seed: 5050175624746602650

901 Newt the Skirmisher (level 8, 0/49 HPs)
             Began as a Kobold Hunter on Jan 12, 2024.
             Slain by an ice beast (4 damage)
             ... on level 5 of the Dungeon.
             The game lasted 00:05:33 (4822 turns).

Newt the Skirmisher (Kobold Hunter)                 Turns: 4822, Time: 00:05:33

Health: 0/49       AC:  4    Str:  8    XL:     8   Next: 28%
Magic:  0/8        EV: 17    Int: 11    God:
Gold:   188        SH:  0    Dex: 20    Spells: 7/7 levels left

rFire   . . .        a - +0 shortbow (freeze)
rCold   . . .        (shield currently unavailable)
rNeg    . . .        c - +0 leather armour
rPois   .            n - +1 hat
rElec   .            (no cloak)
rCorr   .            (no gloves)
SInv    .            (no boots)
Will    .....        o - amulet of guardian spirit
Stlth   +++          k - ring of flight
HPRegen 0.28/turn    (no ring)
MPRegen 0.11/turn

%: guardian spirit
@: flying
A: small, no large weapons, nightstalker 3
a: no special abilities


You were on level 5 of the Dungeon.
You visited 1 branch of the dungeon, and saw 5 of its levels.

You collected 318 gold pieces.
You spent 130 gold pieces at shops.

Inventory:

Hand Weapons
 a - a +0 shortbow of freezing (weapon)
Armour
 c - a +0 leather armour (worn)
 n - a +1 hat (worn)
Jewellery
 i - a ring of ice
 k - a ring of flight (left hand)
 o - an amulet of guardian spirit (around neck)
Wands
 l - a wand of flame (15)
 m - a wand of paralysis (11)
 v - a wand of polymorph (8)
Scrolls
 b - a scroll of butterflies
 g - 2 scrolls of teleportation
 h - 2 scrolls of fog
 j - 2 scrolls of blinking
 r - 4 scrolls of identify
 s - a scroll of enchant armour
 u - a scroll of brand weapon
Potions
 d - 2 potions of curing
 e - a potion of haste
 f - 2 potions of lignification
 p - a potion of mutation
 q - a potion of might
 t - a potion of attraction


   Skills:
 - Level 5.0 Fighting
 - Level 10.0 Ranged Weapons
 + Level 5.9 Dodging
 - Level 1.3 Stealth


You had 7 spell levels left.
You didn't know any spells.
Your spell library contained the following spells:

 Spells                   Type           Power      Damage    Failure   Level
 Blink                    Tloc           0%         N/A       61%         2
 Lesser Beckoning         Tloc           0%         N/A       61%         2
 Momentum Strike          Conj/Tloc      0%         3d8       61%         2
 Call Canine Familiar     Summ           0%         N/A       83%         3
 Sigil of Binding         Hex            0%         N/A       83%         3
 Tukima's Dance           Hex            0%         N/A       83%         3
 Dimensional Bullseye     Hex/Tloc       0%         N/A       99%         4
 Iskenderun's Mystic Bla  Conj/Tloc      0%         2d3       99%         4


Dungeon Overview and Level Annotations

Branches:
Dungeon (5/15)
 Temple: D:4-7

Altars:
Cheibriados
Dithmenos
Elyvilon
Makhleb
Nemelex Xobeh
Qazlal
Sif Muna
The Shining One

Shops:
D:2 ?:(=   D:4 [

Annotations:
D:4 2 transporters, DoNotCum's ghost, amateur KoBe


Innate Abilities, Weirdness & Mutations

You are small and have problems with some larger weapons.
You are completely attuned to the shadows.


Message History

You kill the quokka!
You shoot an arrow. The arrow closely misses the ice beast.
You shoot an arrow.
The arrow hits the ice beast but does no damage.
An ice beast comes into view.
You shoot an arrow. The arrow barely misses the ice beast.
The ice beast closely misses you.
You shoot an arrow. The arrow closely misses the ice beast.
The arrow completely misses the ice beast.
The ice beast hits you. The ice beast freezes you!
You shoot an arrow.
The arrow hits the ice beast but does no damage.
The ice beast misses you.
You shoot an arrow. The arrow hits the ice beast.
The ice beast is lightly wounded.
The ice beast barely misses you.
The ice beast hits you but does no damage.
You shoot an arrow. The arrow hits the ice beast.
The ice beast is lightly wounded.
The ice beast completely misses you.
The ice beast hits you but does no damage.
You shoot an arrow.
The arrow hits the ice beast but does no damage.
The ice beast is lightly wounded.
The ice beast hits you. The ice beast freezes you!
The ice beast closely misses you.
You shoot an arrow. The arrow hits the ice beast.
The ice beast is lightly wounded.
The ice beast hits you. The ice beast freezes you! The ice beast misses you.
You are too injured to fight recklessly!
The ice beast closely misses you.
The ice beast attacks as it pursues you!
The ice beast hits you. The ice beast freezes you!
* * * LOW HITPOINT WARNING * * *
Items here: $ )) [ †.
The ice beast attacks as it pursues you!
The ice beast hits you.
* * * LOW HITPOINT WARNING * * *
The ice beast freezes you.
You die...

#....#...###.........
#..........#.........
###......#.#...........
#.###.....##...........
##)##..#...###..........
#.).........#...........
#..#†..####..#..........
###..##.##$:##........#.#.
##...###.'@Y?.#.......<###.
#........#.Y..#........# #.
#.....#####..##........###.
#....## #'##...##.....##.
####.# '.#####...........
#.## ### ##.#####...#
#..###.# #..##.#....
#......# #..........
#...##.# #......###.


You could see 2 ice beasts.

Vanquished Creatures
  A water moccasin (D:5)
  2 ogres (D:5)
  A bullfrog (D:5)
  A scorpion (D:5)
  A crimson imp (D:4)
  A hound (D:4)
  A jelly (D:5)
  A bombardier beetle (D:5)
  An orc priest (D:2)
  A sleepcap (D:4)
  4 iguanas
  3 gnolls (D:5)
  9 adders
  A white imp (D:5)
  2 dart slugs
  4 ribbon worms
  7 orcs
  7 ball pythons
  2 bats (D:1)
  8 endoplasms
  4 giant cockroaches
  7 goblins
  6 hobgoblins
  5 jackals
  5 quokkas
  3 frilled lizards
  A goblin skeleton (D:4)
  3 goblin zombies (D:4)
  A hobgoblin zombie (D:4)
  3 kobolds
  A kobold zombie (D:4)
  An orc skeleton (D:4)
  An orc zombie (D:4)
  9 rats
108 creatures vanquished.

Notes
Turn   | Place    | Note
-------+----------+-------------------------------------------
     0 | D:1      | Newt the Kobold Hunter began the quest for the Orb.
     0 | D:1      | Reached XP level 1. HP: 12/12 MP: 1/1
    59 | D:1      | Reached XP level 2. HP: 18/18 MP: 2/2
   515 | D:1      | Reached XP level 3. HP: 23/23 MP: 3/3
   820 | D:1      | Found a faded altar of an unknown god.
   965 | D:2      | Found Qastrean's Weapon Emporium.
  1171 | D:2      | Found Gacso's Magic Scroll Shop.
  1176 | D:2      | Bought a scroll of identify for 20 gold pieces
  1176 | D:2      | Bought a scroll of teleportation for 30 gold pieces
  1176 | D:2      | Bought a scroll of fog for 40 gold pieces
  1179 | D:2      | Found Pereol's Book Emporium.
  1558 | D:2      | Found Gosywk's Jewellery Boutique.
  1638 | D:2      | Reached XP level 4. HP: 30/30 MP: 4/4
  1684 | D:2      | Reached skill level 5 in Fighting
  1797 | D:3      | Reached XP level 5. HP: 35/35 MP: 5/5
  2151 | D:3      | Found a shadowy altar of Dithmenos.
  2411 | D:3      | Reached skill level 6 in Ranged Weapons
  2820 | D:3      | Found a sparkling altar of Nemelex Xobeh.
  3075 | D:2      | Bought a scroll of identify for 20 gold pieces
  3075 | D:2      | Bought a scroll of identify for 20 gold pieces
  3121 | D:4      | Found Egara's Dragon-Slaying Spoils.
  3216 | D:4      | Reached skill level 7 in Ranged Weapons
  3216 | D:4      | Reached XP level 6. HP: 40/40 MP: 6/6
  3228 | D:4      | Found a glowing golden altar of the Shining One.
  3295 | D:4      | Noticed DoNotCum's ghost (amateur KoBe)
  3296 | D:4      | Found a transporter.
  3382 | D:4      | Reached skill level 8 in Ranged Weapons
  3567 | D:4      | Found a snail-covered altar of Cheibriados.
  3673 | D:4      | Noticed a sky beast
  3694 | D:4      | Found a transporter.
  3759 | D:4      | Found a burning altar of Makhleb.
  3761 | D:4      | Noticed a blizzard demon
  3762 | D:4      | Noticed a ynoxinul
  3762 | D:4      | Noticed an orange demon
  3860 | D:4      | Identified the +5 mace of Xom, Blushing {holy, ^Drain Fly
                  | Will+++ Dex+3}
  3926 | D:5      | Entered Level 5 of the Dungeon
  3935 | D:5      | Noticed a water moccasin
  3954 | D:5      | Killed a water moccasin
  3955 | D:5      | Reached skill level 9 in Ranged Weapons
  3955 | D:5      | Reached XP level 7. HP: 15/44 MP: 3/7
  4079 | D:5      | Found a white marble altar of Elyvilon.
  4212 | D:5      | Found a stormy altar of Qazlal.
  4275 | D:5      | Reached skill level 10 in Ranged Weapons
  4348 | D:5      | Found a shimmering blue altar of Sif Muna.
  4629 | D:5      | Reached XP level 8. HP: 41/49 MP: 6/8
  4714 | D:5      | Reached skill level 5 in Dodging
  4822 | D:5      | Slain by an ice beast

Illustrated notes

Levels and vault maps discovered:
D:1:      roderic_chinese_lattice_arrival, layout_loops_cross,
          shapermc_ecumenical_altar_mp_vishouse
D:2:      layout_basic, serial_shops, shop, shop, shop, shop
D:3:      layout_loops_ring, nemelex_dance_club_becter,
          mainiacjoe_overflow_six_doors_small, minmay_circle_x
D:4:      layout_basic, nicolae_tso_besieged_by_evil, makhleb_altar_promises_db,
          lemuel_round_altar, gammafunk_ghost_arena, nicolae_shop_dragon_depot,
          minmay_bisected
D:5:      layout_cave_pools, mainiacjoe_overflow_brackets,
          mainiacjoe_overflow_tiny_flanked, grunt_qazlal_sundering, st_stairs_3,
          minmay_joined_circles

Skill      XL: |  1  2  3  4  5  6  7  8 |
---------------+-------------------------+-----
Fighting       | 3 4 5 |  5.0
Ranged Weapons | 7 9 10 | 10.0
Dodging        | 4 5 |  5.9
Stealth        | |  1.3

Action                     |  1- 3 |  4- 6 |  7- 9 || total
---------------------------+-------+-------+-------++-------
   Fire: Shortbow          |   113 |   184 |    87 ||   384
  Evoke: Wand              |       |     2 |       ||     2
    Use: Scroll            |     4 |     8 |     2 ||    14
         Potion            |       |     1 |       ||     1
 Armour: Leather armour    |    47 |    58 |    25 ||   130
  Dodge: Dodged            |    81 |    70 |    24 ||   175

Table legend: (Time is in decaauts)
 A = Elapsed time spent in this place.
 B = Non-inter-level travel time spent in this place.
 C = Inter-level travel time spent in this place.
 D = Time resting spent in this place.
 E = Time spent auto-exploring this place.
 F = Levels seen in this place.
 G = Mean time per level.
                   A        B        C        D        E       F      G
               +--------+--------+--------+--------+--------+-----+--------+
         Total |   4864 |   4502 |    362 |    547 |   3277 |   5 |  972.8 |
       Dungeon |   4864 |   4502 |    362 |    547 |   3277 |   5 |  972.8 |
               +--------+--------+--------+--------+--------+-----+--------+

Top non-repeatable levels by time:
     D:3: 1235 daAuts
     D:4: 975 daAuts
     D:1: 959 daAuts
     D:5: 893 daAuts
     D:2: 800 daAuts
